 Dungeon Crawl Stone Soup version 0.24-a0-639-gb70a11d (webtiles) character file.

Game seed: 3102977120504372493, levelgen mode: deterministic

198 Antigone the Digger (level 5, -5/37 HPs)
             Began as a Gnoll Earth Elementalist on Sept 22, 2019.
             Engulfed by Ijyb's freezing vapour (26 damage)
             ... on level 3 of the Dungeon.
             The game lasted 00:04:49 (2802 turns).

Antigone the Digger (Gnoll Earth Elementalist)      Turns: 2802, Time: 00:04:50

Health: -5/37      AC:  6    Str: 10    XL:     5   Next: 77%
Magic:  9/12       EV: 12    Int: 19    God:
Gold:   130        SH:  4    Dex: 15    Spells: 13/14 levels left

rFire    . . .     SeeInvis .   a - +2 dagger (venom)
rCold    . . .     Gourm    .   t - +0 buckler
rNeg     . . .     Faith    .   s - +0 ring mail
rPois    .         Spirit   .   w - +0 helmet
rElec    .         Reflect  .   (no cloak)
rCorr    .         Harm     .   (no gloves)
MR       .....                  (no boots)
Stlth    ++........             (no amulet)
HPRegen  0.12/turn              (no ring)
MPRegen  0.13/turn              (no ring)

@: no status effects
A: distributed training, fangs 1, strong nose
a: no special abilities


You were on level 3 of the Dungeon.
You were not hungry.

You visited 1 branch of the dungeon, and saw 3 of its levels.

You collected 130 gold pieces.

Inventory:

Hand Weapons
 a - a +2 dagger of venom (weapon)
   (You took it off a goblin on level 2 of the Dungeon)
 u - a +0 hunting sling
   (You took it off a goblin on level 2 of the Dungeon)
Missiles
 b - 92 stones
 y - 2 javelins (quivered)
Armour
 c - a +0 robe
 m - a +0 leather armour
   (You found it on level 1 of the Dungeon)
 s - a +0 ring mail (worn)
   (You found it on level 2 of the Dungeon)
 t - a +0 buckler (worn)
   (You found it on level 2 of the Dungeon)
 w - a +0 helmet (worn)
   (You took it off Robin on level 2 of the Dungeon)
Jewellery
 l - an uncursed ring of protection from magic
   (You took it off a kobold on level 1 of the Dungeon)
Wands
 v - a wand of digging (5)
   (You found it on level 2 of the Dungeon)
 x - a wand of polymorph (8)
   (You took it off Robin on level 2 of the Dungeon)
Scrolls
 f - a scroll of amnesia {unknown}
 h - 7 scrolls of remove curse {unknown}
 i - a scroll of enchant armour {unknown}
 k - 3 scrolls of teleportation {unknown}
 p - 2 scrolls of identify {unknown}
 z - a scroll of magic mapping {unknown}
Potions
 d - 2 potions of curing {unknown}
 g - 2 potions of ambrosia {unknown}
 j - a potion of berserk rage {unknown}
 n - a potion of mutation {unknown}
 o - 2 potions of flight {unknown}
 q - a potion of heal wounds {unknown}
 r - 2 potions of agility {unknown}
Comestibles
 e - 7 rations {!d}
 A - a chunk of flesh


   Skills:
 + Level 1.6 Fighting
 + Level 1.6 Short Blades
 + Level 1.6 Long Blades
 + Level 1.6 Axes
 + Level 1.6 Maces & Flails
 + Level 1.6 Polearms
 + Level 1.6 Staves
 + Level 1.6 Slings
 + Level 1.6 Bows
 + Level 1.6 Crossbows
 + Level 1.6 Throwing
 + Level 1.6 Armour
 + Level 4.8 Dodging
 + Level 4.4 Stealth
 + Level 1.6 Shields
 + Level 1.6 Unarmed Combat
 + Level 5.2 Spellcasting
 + Level 1.2 Conjurations
 + Level 1.2 Hexes
 + Level 1.2 Charms
 + Level 1.2 Summonings
 + Level 1.2 Necromancy
 + Level 1.2 Translocations
 + Level 2.4 Transmutations
 + Level 1.2 Fire Magic
 + Level 1.2 Ice Magic
 + Level 1.2 Air Magic
 + Level 5.5 Earth Magic
 + Level 1.2 Poison Magic
 + Level 1.8 Invocations
 + Level 1.6 Evocations


You had 13 spell levels left.
You knew the following spells:

 Your Spells              Type           Power        Failure   Level  Hunger
a - Sandblast             Erth           ####..       4%          1    None

Your spell library contained the following spells:

 Spells                   Type           Power        Failure   Level  Hunger
 Passwall                 Tmut/Erth      ###.....     12%         2    #......
 Stone Arrow              Conj/Erth      ###...       30%         3    ##.....
 Petrify                  Tmut/Erth      ###.....     61%         4    ####...
 Lee's Rapid Deconstruct  Erth           ####......   75%         5    ######.


Dungeon Overview and Level Annotations

Branches:
Dungeon (3/15)

Altars:
Cheibriados
Xom

Annotations:
D:3 Ijyb


Innate Abilities, Weirdness & Mutations

Your experience applies equally to all skills.
You have very sharp teeth.
Your uncanny sense of smell can sniff out nearby items.


Message History

Aim: a gnoll, wielding a +0 halberd and wearing an uncursed ring of ice (lightly wounded)
You throw a javelin. The javelin closely misses the gnoll.
The javelin pierces through the gnoll!
You kill the gnoll!
The javelin pierces through the giant cockroach!
You kill the giant cockroach!
Throwing (i - inventory. (/) - cycle)
y - 3 javelins (quivered)
Aim: a gnoll, wielding a +0 halberd and wearing an uncursed ring of ice (lightly wounded)
You throw a javelin. The javelin pierces through the gnoll!
Aim: a gnoll, wielding a +0 halberd and wearing an uncursed ring of ice (almost dead)
The blast of sand hits the gnoll!
You kill the gnoll!
b - 95 stones You start resting.
An orc comes into view. It is wielding a +0 trident.
An orc is nearby!
Unknown command.
A rat, an orc priest and Ijyb come into view.
Ijyb shouts!
The orc shouts!
You hear a shout!
The orc throws a stone.
The stone misses you.
The rat moves out of view.
The orc throws a stone.
The stone hits you but does no damage.
A gnoll comes into view. It is wielding a +0 spear of venom.
The gnoll moves out of view.
Aim: Ijyb, wearing a +0 ring mail and carrying a wand of clouds (8)
The blast of sand hits Ijyb but does no damage.
b - 94 stones The gnoll shouts!
Ijyb zaps a wand.
Ijyb creates a blast of flame!
Unknown command.
You are engulfed in blazing flames.
Aim: a gnoll, wielding a +0 spear of venom The blast of sand hits the gnoll!
b - 93 stones The gnoll closely misses you.
Aim: a gnoll, wielding a +0 spear of venom (severely wounded)
The blast of sand hits the gnoll.
You kill the gnoll!
b - 92 stones The orc throws a stone.
The stone hits you but does no damage.
The orc throws a stone.
The stone hits you but does no damage.
You see here a stone.
The orc throws a stone.
The stone hits you but does no damage.
Ijyb zaps a wand.
Ijyb creates a blast of freezing vapour!
Things that are here:
a stone; a +0 spear of venom You are engulfed in freezing vapours.
Ouch! That really hurt!
You die...

#.####........#.##+#.#
.....'...............#.####
#.####........###÷...#?#...
#.# #........#
#....#.#.####
..####.......>#
#....#.......
.....#........# #....#..#..
####.########## #.........
#<# #####.§g.#.#.###### #.#
#.(.@§§§§..#....... #.#
#.###§○§§§o...# #.# #.#
#§§§####..# #.# #####.#
#§..# #.#
..####...g.####### ...
###.............# ...
#.............#


o.ro. #.............# .... ....s.........# #### You could see Ijyb and an orc.

Vanquished Creatures
  A bullfrog (D:2)
  Robin (D:2)
  3 gnolls (D:3)
  4 adders
  A worm (D:2)
  A dart slug (D:1)
  2 leopard geckos
  A giant cockroach (D:3)
  8 goblins (D:2)
  9 hobgoblins
  A jackal (D:1)
  8 kobolds
  2 quokkas (D:2)
  4 bats
  3 frilled lizards
  5 rats
54 creatures vanquished.

Notes
Turn   | Place    | Note
-------+----------+-------------------------------------------
     0 | D:1      | Antigone the Gnoll Earth Elementalist began the quest for
                  | the Orb.
     0 | D:1      | Reached XP level 1. HP: 13/13 MP: 6/6
   406 | D:1      | Reached XP level 2. HP: 10/19 MP: 5/7
   723 | D:1      | Found a shimmering altar of Xom.
  1413 | D:2      | Reached XP level 3. HP: 25/25 MP: 9/9
  1467 | D:2      | Found a snail-covered altar of Cheibriados.
  1473 | D:2      | Reached skill level 5 in Spellcasting
  1565 | D:2      | Reached skill level 1 in Invocations
  1816 | D:2      | Reached skill level 1 in Fighting
  1816 | D:2      | Reached skill level 1 in Short Blades
  1816 | D:2      | Reached skill level 1 in Long Blades
  1816 | D:2      | Reached skill level 1 in Axes
  1816 | D:2      | Reached skill level 1 in Maces & Flails
  1816 | D:2      | Reached skill level 1 in Polearms
  1816 | D:2      | Reached skill level 1 in Staves
  1816 | D:2      | Reached skill level 1 in Slings
  1816 | D:2      | Reached skill level 1 in Bows
  1816 | D:2      | Reached skill level 1 in Crossbows
  1816 | D:2      | Reached skill level 1 in Throwing
  1816 | D:2      | Reached skill level 1 in Armour
  1816 | D:2      | Reached skill level 1 in Shields
  1816 | D:2      | Reached skill level 1 in Unarmed Combat
  1816 | D:2      | Reached skill level 1 in Evocations
  1965 | D:2      | Reached XP level 4. HP: 21/32 MP: 9/11
  2339 | D:2      | Noticed Robin
  2397 | D:2      | Killed Robin
  2438 | D:2      | Noticed a bullfrog
  2447 | D:2      | Killed a bullfrog
  2447 | D:2      | Reached skill level 1 in Conjurations
  2447 | D:2      | Reached skill level 1 in Hexes
  2447 | D:2      | Reached skill level 1 in Charms
  2447 | D:2      | Reached skill level 1 in Summonings
  2447 | D:2      | Reached skill level 1 in Necromancy
  2447 | D:2      | Reached skill level 1 in Translocations
  2447 | D:2      | Reached skill level 1 in Fire Magic
  2447 | D:2      | Reached skill level 1 in Ice Magic
  2447 | D:2      | Reached skill level 1 in Air Magic
  2447 | D:2      | Reached skill level 1 in Poison Magic
  2447 | D:2      | Reached XP level 5. HP: 23/37 MP: 8/12
  2790 | D:3      | Noticed Ijyb
  2802 | D:3      | Engulfed by Ijyb's freezing vapour

Levels and vault maps discovered:
D:1:      dpeg_arrival_houses_and_road, layout_basic, minmay_hexomino_r4
D:2:      layout_loops_corners, lemuel_crystal_altar, serial_bayou_pond_c,
          uniq_robin
D:3:      layout_basic, uniq_ijyb, uniq_jessica, uniq_grinder

Skill      XL: |  1  2  3  4 |
---------------+-------------+-----
Transmutations | 2 |  2.4
Spellcasting   | 5 |  5.2
Invocations    | 1 |  1.8
Fighting       | 1 |  1.6
Short Blades   | 1 |  1.6
Long Blades    | 1 |  1.6
Axes           | 1 |  1.6
Maces & Flails | 1 |  1.6
Polearms       | 1 |  1.6
Staves         | 1 |  1.6
Slings         | 1 |  1.6
Bows           | 1 |  1.6
Crossbows      | 1 |  1.6
Throwing       | 1 |  1.6
Armour         | 1 |  1.6
Shields        | 1 |  1.6
Unarmed Combat | 1 |  1.6
Evocations     | 1 |  1.6
Conjurations   | 1 |  1.2
Hexes          | 1 |  1.2
Charms         | 1 |  1.2
Summonings     | 1 |  1.2
Necromancy     | 1 |  1.2
Translocations | 1 |  1.2
Fire Magic     | 1 |  1.2
Ice Magic      | 1 |  1.2
Air Magic      | 1 |  1.2
Poison Magic   | 1 |  1.2
Dodging        | |  4.8
Stealth        | |  4.4
Earth Magic    | |  5.5

Action                   |  1- 3 |  4- 6 || total
-------------------------+-------+-------++-------
Melee: Hand axe          |    56 |       ||    56
       Bite              |     4 |     3 ||     7
       Dagger            |    31 |    42 ||    73
Throw: Javelin           |       |     3 ||     3
 Cast: Sandblast         |    11 |    12 ||    23
 Stab: Sleeping          |     3 |     2 ||     5
       Distracted        |       |     1 ||     1
  Eat: Chunk             |     3 |     3 ||     6
Armor: Leather armour    |    15 |     2 ||    17
       Robe              |     2 |       ||     2
       Ring mail         |       |    13 ||    13
Dodge: Dodged            |    74 |    27 ||   101
Block: Buckler           |       |     5 ||     5

Table legend:
 A = Non-vault XP
 B = Vault XP
 C = Vault XP percentage of total XP
 D = Non-vault monster count
 E = Vault monster count
 F = Vault count percentage of total count
                 A         B        C        D         E       F
            +---------+---------+-------+---------+---------+-------
      Total |     248 |      36 |  12.7 |      42 |      12 |  22.2
            +---------+---------+-------+---------+---------+-------
        D:1 |      23 |       5 |  17.9 |      13 |       3 |  18.8
        D:2 |     164 |      31 |  15.9 |      23 |       9 |  28.1
        D:3 |      61 |       0 |   0.0 |       6 |       0 |   0.0
            +---------+---------+-------+---------+---------+-------
